 Dungeon Crawl Stone Soup version 0.18.1-6-gd335043 (webtiles) character file.

71 Loki the Sneak (level 4, -1/23 HPs)
             Began as a Vine Stalker Assassin on May 19, 2016.
             Slain by Natasha (6 damage)
             ... on level 3 of the Dungeon.
             The game lasted 00:08:46 (2235 turns).

Loki the Sneak (Vine Stalker Assassin)              Turns: 2235, Time: 00:08:47

Health: -1/23      AC:  3    Str: 14    XL:     4   Next: 24%
Magic:  0/5        EV: 12    Int: 11    God:
Gold:   62         SH:  0    Dex: 16    Spells: 0 memorised, 3 levels left

rFire  . . .     SeeInvis .     a - +2 dagger
rCold  . . .     Gourm    .     c - +0 robe
rNeg   . . .     Faith    .     (no shield)
rPois  .         Spirit   +     (no helmet)
rElec  .         Dismiss  .     d - +0 cloak
rCorr  .         Reflect  .     (no gloves)
SustAt .         Harm     .     (no boots)
MR     .....                    (no amulet)
Stlth  +++.......               (no ring)
                                (no ring)

@: not resistant to hostile enchantments, fairly stealthy
A: fangs 2, regeneration 1, magic shield, antimagic bite, no device heal 3, rot
immunity
a: no special abilities


You were on level 3 of the Dungeon.
You were not hungry.

You visited 1 branch of the dungeon, and saw 3 of its levels.

You collected 62 gold pieces.

Inventory:

Hand Weapons
 a - a +2 dagger (weapon)
 b - a +0 blowgun
 q - a +0 rapier
Missiles
 e - 8 poisoned needles
 f - 2 curare-tipped needles
 k - 17 sling bullets
Armour
 c - a +0 robe (worn)
 d - a +0 cloak (worn)
Scrolls
 i - a scroll of teleportation {unknown}
 j - a scroll of identify {unknown}
 l - a scroll of fog {unknown}
 m - a scroll of random uselessness {unknown}
Potions
 h - 2 potions of berserk rage {unknown}
 n - a potion of lignification {unknown}
 o - a potion of might {unknown}
 r - a potion of flight {unknown}
Comestibles
 g - a bread ration
 s - a royal jelly


   Skills:
 - Level 1.7 Fighting
 * Level 2.8 Short Blades
 + Level 2.2 Throwing
 + Level 1.2 Dodging
 * Level 5.6 Stealth


You had 3 spell levels left.
You didn't know any spells.

Dungeon Overview and Level Annotations

Branches:
Dungeon (3/15)

Altars:
Ashenzari
Cheibriados
Elyvilon
Pakellas

Annotations:
D:3 Natasha


Innate Abilities, Weirdness & Mutations

You have extremely sharp teeth.
Your natural rate of healing is unusually fast.
When hurt, damage is shared between your health and your magic reserves.
Your bite disrupts and absorbs the magic of your enemies.
Potions and wands cannot restore your health.
You are immune to rotting.


Message History

You barely miss Natasha. You bite Natasha, but do no damage.
Natasha stares at you and mumbles some strange words.
The magic dart hits you!
You hit Natasha. Your bite misses Natasha.
Natasha is lightly wounded.
Natasha claws you!
You hit Natasha.
Natasha is moderately wounded.
Natasha claws you.
* * * LOW HITPOINT WARNING * * *
You hit Natasha.
Natasha is heavily wounded.
You hit Natasha. Your bite misses Natasha.
Natasha is severely wounded.
Natasha claws you.
* * * LOW HITPOINT WARNING * * *
You hit Natasha.
Natasha is severely wounded.
Natasha claws you!
You die...

### #o# ... #รท# #.#
#.. ###.# #.# #.# ##
....# # #.#####.#..
###.# #.#.......#. #
#.# #$#........ # #.#
#.......h.# # #.# #.#
#@# #
#.######.#####.######
#
#..............<...o..
#
########.#####.#######
# #.# #.# # #.# #.# #
#.# #.# ##########.#
#.# ...........# #.#


You could see Natasha.

Vanquished Creatures
  An adder (D:2)
  An ooze (D:1)
  3 worms
  3 dart slugs
  2 giant cockroaches
  4 goblins
  5 hobgoblins
  2 quokkas (D:2)
  7 bats
  2 giant newts (D:1)
  8 kobolds
  5 rats
43 creatures vanquished.

Vanquished Creatures (others)
  A quokka (D:2)
1 creature vanquished.

Grand Total: 44 creatures vanquished

Notes
Turn   | Place    | Note
--------------------------------------------------------------
     0 | D:1      | Loki the Vine Stalker Assassin began the quest for the Orb.
     0 | D:1      | Reached XP level 1. HP: 11/11 MP: 2/2
    61 | D:2      | Found a shattered altar of Ashenzari.
    93 | D:1      | Reached skill level 5 in Stealth
   181 | D:2      | Reached skill level 1 in Dodging
   193 | D:2      | Reached XP level 2. HP: 15/15 MP: 3/3
   858 | D:1      | Reached XP level 3. HP: 18/18 MP: 4/4
  1088 | D:2      | Found a white marble altar of Elyvilon.
  1295 | D:2      | Found an oddly glowing altar of Pakellas.
  1416 | D:2      | Found a snail-covered altar of Cheibriados.
  1474 | D:2      | Reached XP level 4. HP: 19/23 MP: 5/5
  2219 | D:3      | Noticed Natasha
  2235 | D:3      | Slain by Natasha

Skill      XL: |  1  2  3 |
---------------+----------+-----
Stealth        | 5 |  5.6
Dodging        | 1 |  1.2
Short Blades   | 2 |  2.8
Throwing       | 2 |  2.2
Fighting       | |  1.7

Action                   |  1- 3 |  4- 6 || total
-------------------------+-------+-------++-------
Melee: Dagger            |    96 |    41 ||   137
       Bite              |    30 |     8 ||    38
 Stab: Sleeping          |    13 |     3 ||    16
       Distracted        |     1 |       ||     1
  Eat: Chunk             |     2 |     2 ||     4
Armor: Robe              |    10 |     9 ||    19
Dodge: Dodged            |    31 |    15 ||    46
